 Dungeon Crawl Stone Soup version 0.19-a0-1920-g83281cb (webtiles) character file.

2861 pokedragonboy the Cleaver (level 9, -3/82 HPs)
             Began as a Hill Orc Fighter on Oct 24, 2016.
             Was a Believer of Nemelex Xobeh.
             Killed from afar by Indrix's ghost (22 damage)
             ... with a flame tongue
             ... in an ossuary.
             The game lasted 00:16:09 (6645 turns).

pokedragonboy the Cleaver (Hill Orc Fighter)        Turns: 6645, Time: 00:16:11

Health: -3/82      AC: 13    Str: 22    XL:     9   Next: 75%
Magic:  15/15      EV: 10    Int:  8    God:    Nemelex Xobeh [**....]
Gold:   531        SH:  0    Dex: 10    Spells: 0 memorised, 8 levels left

rFire  . . .     SeeInvis .     B - +2 battleaxe
rCold  . . .     Gourm    .     p - +0 chain mail
rNeg   . . .     Faith    .     (shield currently unavailable)
rPois  .         Spirit   .     (no helmet)
rElec  .         Reflect  .     h - +1 cloak
rCorr  .         Harm     .     (no gloves)
MR     .....                    (no boots)
Stlth  ..........               (no amulet)
                                (no ring)
                                C - +2 ring of evasion

@: lethally poisoned (-3 -> -15)
A: no striking features
a: Renounce Religion


You were in an ossuary.
You worshipped Nemelex Xobeh.
Nemelex Xobeh was pleased with you.
You were not hungry.

You visited 2 branches of the dungeon, and saw 9 of its levels.
You also visited: Sewer and Ossuary.

You collected 531 gold pieces.

Inventory:

Hand Weapons
 B - a +2 battleaxe (weapon)
Missiles
 d - 2 tomahawks
 x - 5 tomahawks of returning (quivered)
Armour
 c - a +1 shield
 h - a +1 cloak (worn)
 p - a +0 chain mail (worn)
Jewellery
 g - an uncursed ring of ice
 C - a +2 ring of evasion (left hand)
Wands
 n - a wand of heal wounds (0/9)
Scrolls
 b - a scroll of magic mapping
 e - 5 scrolls of teleportation
 l - 3 scrolls of remove curse
 r - 4 scrolls of fear
 s - a scroll of fog
 t - 2 scrolls of blinking
Potions
 i - 4 potions of brilliance
 k - a potion of mutation {unknown}
 m - a potion of curing
 u - 3 potions of flight
 z - 2 potions of resistance {unknown}
Miscellaneous
 v - a plain deck of escape
 y - a plain deck of summoning {drawn: 2}
 D - a plain deck of escape
Comestibles
 a - a slice of pizza
 f - 5 bread rations
 j - 2 beef jerkies
 w - a meat ration
 E - 4 fruits


   Skills:
 + Level 8.4 Fighting
 + Level 10.0 Axes
 + Level 7.6 Armour
 - Level 3.2 Shields
 * Level 8.0 Invocations


You had 8 spell levels left.
You didn't know any spells.

Dungeon Overview and Level Annotations

Branches:
Dungeon (8/15)             Temple (1/1) D:5
   Lair: D:8-11

Altars:
Ashenzari
Cheibriados
Dithmenos
Elyvilon
Fedhas
Gozag
Hepliaklqana
Kikubaaqudgha
Makhleb
Nemelex Xobeh
Okawaru
Qazlal
Ru
Trog
Uskayaw
Vehumet
Xom
Yredelemnul
Zin
The Shining One

Shops:
D:4 *   D:6 :   D:7 }   D:8 }

Annotations:
Ossuary Indrix's ghost, novice OgFE


Message History

Unknown command.
Evoke which item? (* to show all) (? for menu, Esc to quit)
Zapping:
n - a wand of heal wounds {zapped: 2} (will waste charges)
Press: ? - help, Shift-Dir - straight line, f - you Nothing appears to happen.
You are covered in liquid flames!
* * * LOW HITPOINT WARNING * * *
You feel sick.
Your quarterstaff of the Sky {pain, Int+3 Dex+2} hits Indrix's ghost.
Indrix's ghost barely misses you.
Evoke which item? (* to show all) (? for menu, Esc to quit)
This wand has no charges.
Unknown command.
You are covered in liquid flames!
* * * LOW HITPOINT WARNING * * *
You feel sick.
Indrix's ghost points at you and mumbles some strange words.
The flame tongue hits you!
You die...
Your body disappears without a glow.

. . ..## ##..
.....########.....
..........(.......
.......∩.@∩W......
##################


You could see Indrix's ghost and a friendly quarterstaff of the Sky {pain, Int+3
Dex+2}.

Vanquished Creatures
  The ghost of gressup the Slasher, an amateur HaFi (D:4)
  Sigmund (D:5)
  Eustachio (D:4)
  An orc warrior (D:7)
  2 ogres
  A centaur (D:6)
  4 bullfrogs
  A big kobold (D:6)
  6 killer bees (D:6)
  2 howler monkeys (D:5)
  4 crimson imps
  A centaur zombie (D:4)
  A hound (D:4)
  2 bullfrog zombies (D:5)
  2 jellies
  2 orc priests (D:7)
  A bullfrog skeleton (D:6)
  2 orc wizards
  3 iguanas
  A worker ant (D:7)
  A hound zombie (D:5)
  A howler monkey zombie (D:8)
  2 worker ant zombies
  18 adders
  3 river rats (Sewer)
  A shadow imp (D:6)
  An adder skeleton (D:7)
  5 worms
  3 dart slugs (D:2)
  8 leopard geckos
  27 orcs
  12 ball pythons
  4 bats
  10 giant cockroaches
  5 hobgoblins
  8 jackals
  10 kobolds
  A quokka (D:3)
  8 frilled lizards
  10 goblins
  A jackal zombie (Ossuary)
  A leopard gecko skeleton (D:7)
  A leopard gecko zombie (D:6)
  A quokka skeleton (D:8)
  35 rats
216 creatures vanquished.

Vanquished Creatures (collateral kills)
  An ugly thing (D:8)
  A centaur (D:8)
  A big kobold (D:8)
3 creatures vanquished.

Grand Total: 219 creatures vanquished

Notes
Turn   | Place    | Note
-------+----------+-------------------------------------------
     0 | D:1      | pokedragonboy the Hill Orc Fighter began the quest for the Orb.
     0 | D:1      | Reached XP level 1. HP: 19/19 MP: 1/1
   119 | D:1      | Reached skill level 3 in Axes
   173 | D:1      | Reached XP level 2. HP: 26/27 MP: 2/2
   656 | D:2      | Reached XP level 3. HP: 32/33 MP: 3/3
   664 | D:2      | Reached skill level 4 in Axes
   774 | D:2      | Reached XP level 4. HP: 31/40 MP: 4/4
   887 | D:2      | Found a shimmering altar of Xom.
  1291 | D:3      | Found a shadowy altar of Dithmenos.
  1298 | D:3      | Reached skill level 5 in Axes
  1544 | D:3      | Reached XP level 5. HP: 34/47 MP: 5/5
  1573 | D:3      | Found a glowing drain.
  1589 | Sewer    | Entered a sewer
  2133 | Sewer    | Reached skill level 5 in Fighting
  2136 | Sewer    | Reached skill level 6 in Axes
  2136 | Sewer    | Reached XP level 6. HP: 37/56 MP: 6/6
  2982 | D:4      | Noticed gressup's ghost (amateur HaFi)
  2993 | D:4      | Killed gressup's ghost
  2993 | D:4      | Reached skill level 7 in Axes
  2993 | D:4      | Reached skill level 5 in Armour
  2993 | D:4      | Reached XP level 7. HP: 38/62 MP: 7/7
  3529 | D:4      | Found Aleigi's General Store.
  3533 | D:4      | Noticed Eustachio
  3559 | D:4      | Killed Eustachio
  3559 | D:4      | Reached skill level 8 in Axes
  3631 | D:4      | Reached XP level 8. HP: 71/71 MP: 8/8
  3731 | D:5      | Entered Level 5 of the Dungeon
  3735 | D:5      | Found a staircase to the Ecumenical Temple.
  3765 | Temple   | Entered the Ecumenical Temple
  3902 | Temple   | Became a worshipper of Nemelex Xobeh the Trickster
  3949 | D:5      | Received a gift from Nemelex Xobeh
  3974 | D:5      | Found a white marble altar of Elyvilon.
  4115 | D:5      | Reached skill level 1 in Invocations
  4384 | D:5      | Noticed Sigmund
  4396 | D:5      | Killed Sigmund
  4396 | D:5      | Reached skill level 9 in Axes
  4775 | D:6      | Reached * piety under Nemelex Xobeh
  5120 | D:6      | Reached skill level 5 in Invocations
  5133 | D:6      | Reached XP level 9. HP: 31/79 MP: 11/13
  5241 | D:6      | Found Emopp's Book Boutique.
  5597 | D:7      | Found Qonigigy's Gadget Emporium.
  5670 | D:7      | Found a shimmering altar of Xom.
  5717 | D:7      | Found a shimmering altar of Xom.
  5735 | D:7      | Received a gift from Nemelex Xobeh
  5783 | D:7      | Reached ** piety under Nemelex Xobeh
  6135 | D:8      | Found an iron altar of Okawaru.
  6151 | D:8      | Received a gift from Nemelex Xobeh
  6241 | D:8      | Noticed a moth of wrath
  6244 | D:8      | Found a bloodstained altar of Trog.
  6295 | D:8      | Found Qiphoas's Gadget Boutique.
  6432 | D:8      | Noticed a green ugly thing
  6454 | D:8      | Killed a green ugly thing
  6454 | D:8      | Reached skill level 10 in Axes
  6523 | D:8      | Found a sand-covered staircase.
  6543 | Ossuary  | Entered an ossuary
  6629 | Ossuary  | Noticed Indrix's ghost (novice OgFE)
  6645 | Ossuary  | Killed from afar by Indrix's ghost

Vault maps used:
D:1:      dpeg_arrival_simpleton_b, roderic_roman_lattice
D:2:      brannock_xom_greatest_gift
D:3:      nicolae_dithmenos_shadow_blocks, gup_sewer_entry_bubbles
D:4:      serial_shops, nicolae_shop_behind_doors, uniq_eustachio
D:5:      kennysheep_mini, first_bread, uniq_sigmund
D:6:      serial_shops, shop
D:7:      nicolae_overflow_hidden_temple, basic_altar, serial_shops, shop
D:8:      okawaru_gym_becter, led_sif_pool, serial_shops, shop, enter_ossuary_1,
          tgw_trog
Temple:   nicolae_temple_elliptical
Sewer:    sewer_minmay_w
Ossuary:  minmay_ossuary_two_tombs

Skill      XL: |  1  2  3  4  5  6  7  8  9 |
---------------+----------------------------+-----
Axes           | 3 4 5 6 7 8 9 10 | 10.0
Fighting       | 4 5 6 7 8 |  8.4
Armour         | 4 5 6 7 |  7.6
Invocations    | 5 8 |  8.0
Shields        | |  3.2

Action                   |  1- 3 |  4- 6 |  7- 9 || total
-------------------------+-------+-------+-------++-------
Melee: War axe           |    69 |   232 |   265 ||   566
       Battleaxe         |       |       |    56 ||    56
Evoke: Deck              |       |       |     2 ||     2
       Wand              |       |       |     1 ||     1
  Use: Scroll            |     3 |     9 |    10 ||    22
       Potion            |       |     1 |    11 ||    12
  Eat: Chunk             |       |     7 |     5 ||    12
       Bread ration      |       |       |     1 ||     1
       Beef jerky        |       |       |     2 ||     2
Armor: Scale mail        |    32 |    62 |       ||    94
       Chain mail        |       |    89 |   222 ||   311
Dodge: Dodged            |    14 |    88 |    98 ||   200
Block: Shield            |    39 |   195 |   193 ||   427
